TOP OF THE 1ST |
Boise Hawks batting - Pitching for Vancouver Canadians : RHP Mark McLaughlin
|
Pitching: RHP Mark McLaughlin
|
|
Batting: RHB Korbyn Dickerson
|
0-0: Foul Ball, location: 2F 0-1: Ball 1-1: SINGLE (Line Drive, 78S, EV 108.8 MPH)
|
Batting: LHB Jayden Bates
|
0-0: Ball 1-0: Ball 2-0: Swinging Strike 2-1: Foul Ball, location: 2F 2-2: Strikes out swinging
|
Batting: LHB Mike Donath
|
0-0: Ball 1-0: Ball Korbyn Dickerson steals 2nd base 2-0: Swinging Strike 2-1: Foul Ball, location: 2F 2-2: Strikes out swinging
|
Batting: RHB Wyatt Langford
|
0-0: Called Strike 0-1: Ball 1-1: Ball 2-1: SINGLE (Groundball, 25, EV 68.1 MPH) (infield hit) Korbyn Dickerson to third
|
Batting: LHB Michael Carpentier
|
0-0: Called Strike 0-1: Ball 1-1: Called Strike 1-2: Ball 2-2: Ball 3-2: Foul Ball, location: 2F 3-2: Strikes out swinging
|
Top of the 1st over - 0 runs, 2 hits, 0 errors, 2 left on base; Boise 0 - Vancouver 0 |
BOTTOM OF THE 1ST |
Vancouver Canadians batting - Pitching for Boise Hawks : LHP Tomas Licon
|
Pitching: LHP Tomas Licon
|
|
Batting: LHB William Hamiter
|
0-0: Ball 1-0: Ball 2-0: Fly out, F1 (Line Drive, P, EV 63.8 MPH)
|
Batting: RHB Travis Odom
|
0-0: DOUBLE (Flyball, 78D, EV 108.1 MPH)
|
Batting: RHB Brandon Fields
|
0-0: Ball 1-0: Ball 2-0: Ball 3-0: Base on Balls
|
Batting: RHB Braylen Wimmer
|
0-0: Called Strike 0-1: 3-RUN HOME RUN (Flyball, 78XD, EV 97.5 MPH), Distance : 446 ft
|
Batting: RHB Orlando Soria
|
0-0: Called Strike 0-1: Ball 1-1: Foul Ball, location: 2F 1-2: Ball 2-2: Ball 3-2: Ground out 6-3 (Groundball, 6, EV 81.2 MPH)
|
Batting: RHB Giuseppe Ferraro
|
0-0: Swinging Strike 0-1: Ball 1-1: Foul Ball, location: 2F 1-2: Foul Ball, location: 2F 1-2: Strikes out looking
|
Bottom of the 1st over - 3 runs, 2 hits, 0 errors, 0 left on base; Boise 0 - Vancouver 3 |
TOP OF THE 2ND |
Boise Hawks batting - Pitching for Vancouver Canadians : RHP Mark McLaughlin
|
Batting: RHB Ian Gatlin
|
0-0: Ball 1-0: Called Strike 1-1: Swinging Strike 1-2: Ball 2-2: SINGLE (Line Drive, 34D, EV 98.8 MPH)
|
Batting: LHB Sean Kosikowski
|
0-0: Hit by Pitch Ian Gatlin to second
|
Batting: LHB Bobby Fry
|
0-0: Fly out, F8 (Flyball, 8RM, EV 78.1 MPH)
|
Batting: SHB Sabin Ceballos
|
0-0: SINGLE (Groundball, 6S, EV 74.4 MPH) (infield hit) Ian Gatlin to third Sean Kosikowski to second
|
Batting: RHB Korbyn Dickerson
|
0-0: Called Strike 0-1: Foul Ball, location: 2F 0-2: SINGLE (Flyball, 4D, EV 91.9 MPH) Ian Gatlin scores Sean Kosikowski to third Sabin Ceballos to second
|
Batting: LHB Jayden Bates
|
0-0: Called Strike 0-1: Swinging Strike 0-2: Ball 1-2: Foul Ball, location: 2F 1-2: Ball 2-2: Strikes out looking
|
Batting: LHB Mike Donath
|
0-0: Ball 1-0: Foul Ball, location: 2F 1-1: DOUBLE (Line Drive, 3D, EV 96.9 MPH) Sean Kosikowski scores Sabin Ceballos scores Korbyn Dickerson to third
|
Batting: RHB Wyatt Langford
|
0-0: Ball 1-0: Foul Ball, location: 2F 1-1: DOUBLE (Line Drive, 5D, EV 98.8 MPH) Korbyn Dickerson scores Mike Donath scores
|
Batting: LHB Michael Carpentier
|
0-0: Foul Ball, location: 2F 0-1: Foul Ball, location: 2F 0-2: Foul Ball, location: 2F 0-2: Strikes out swinging
|
Top of the 2nd over - 5 runs, 5 hits, 0 errors, 1 left on base; Boise 5 - Vancouver 3 |
BOTTOM OF THE 2ND |
Vancouver Canadians batting - Pitching for Boise Hawks : LHP Tomas Licon
|
Batting: RHB Michael Arias
|
0-0: Ground out 5-3 (Groundball, 56S, EV 80.6 MPH)
|
Batting: RHB Austin Davis
|
0-0: Foul Ball, location: 2F 0-1: Called Strike 0-2: Ball 1-2: Foul Ball, location: 2F 1-2: Ball 2-2: Foul Ball, location: 2F 2-2: Foul Ball, location: 2F 2-2: Foul Ball, location: 2F 2-2: Foul Ball, location: 2F 2-2: Ball 3-2: Foul Ball, location: 2F 3-2: SINGLE (Flyball, 8LS, EV 88.8 MPH)
|
Batting: RHB Victor Mesia
|
0-0: Ball 1-0: Called Strike 1-1: Ball Wild Pitch! Austin Davis to second 2-1: Ball 3-1: SINGLE (Groundball, 56D, EV 106.2 MPH) Austin Davis to third Runner from 3rd tries for Home, SAFE, throw by LF to home
|
Batting: LHB William Hamiter
|
0-0: Ball 1-0: SINGLE (Groundball, 56D, EV 95.0 MPH) Victor Mesia to second
|
Batting: RHB Travis Odom
|
0-0: Ball 1-0: Swinging Strike 1-1: Ball 2-1: Fly out, F9 (Flyball, 9D, EV 107.5 MPH) Runner from 2nd tags up, SAFE at 3rd, no throw by RF
|
Batting: RHB Brandon Fields
|
0-0: Called Strike 0-1: Foul Ball, location: 2F 0-2: Ball 1-2: 3-RUN HOME RUN (Line Drive, 7D, EV 98.1 MPH), Distance : 417 ft
|
Pitching: LHP Thomas Little
|
|
Batting: RHB Braylen Wimmer
|
0-0: Called Strike 0-1: Ball 1-1: Fly out, F7 (Line Drive, 7, EV 98.1 MPH)
|
Bottom of the 2nd over - 4 runs, 4 hits, 0 errors, 0 left on base; Boise 5 - Vancouver 7 |
TOP OF THE 3RD |
Boise Hawks batting - Pitching for Vancouver Canadians : RHP Mark McLaughlin
|
Batting: RHB Ian Gatlin
|
0-0: Ball 1-0: Called Strike 1-1: Ball 2-1: Bunt missed! 2-2: Foul Ball, location: 2F 2-2: Strikes out swinging
|
Batting: LHB Sean Kosikowski
|
0-0: Called Strike 0-1: Called Strike 0-2: Ball 1-2: SOLO HOME RUN (Flyball, 9D, EV 99.4 MPH), Distance : 392 ft
|
Pitching: RHP Buddy Hayward
|
|
Batting: LHB Bobby Fry
|
0-0: Ball 1-0: Fly out, F8 (Flyball, 78M, EV 78.1 MPH)
|
Batting: SHB Sabin Ceballos
|
0-0: Ball 1-0: Ball 2-0: SINGLE (Groundball, 34S, EV 70.0 MPH) (infield hit)
|
Batting: RHB Korbyn Dickerson
|
0-0: Foul Ball, location: 2F 0-1: Ball 1-1: Called Strike 1-2: Ball 2-2: Ball 3-2: Ground out 6-3 (Groundball, 6, EV 78.1 MPH)
|
Top of the 3rd over - 1 run, 2 hits, 0 errors, 1 left on base; Boise 6 - Vancouver 7 |
BOTTOM OF THE 3RD |
Vancouver Canadians batting - Pitching for Boise Hawks : LHP Thomas Little
|
Batting: RHB Orlando Soria
|
0-0: Called Strike 0-1: Fly out, F7 (Flyball, 7LD, EV 102.5 MPH)
|
Batting: RHB Giuseppe Ferraro
|
0-0: Ball 1-0: Ball 2-0: Ball 3-0: Base on Balls
|
Batting: RHB Michael Arias
|
0-0: Ball Wild Pitch! Giuseppe Ferraro to second 1-0: Ball 2-0: SINGLE (Groundball, 6M, EV 106.2 MPH) (infield hit) Giuseppe Ferraro to third
|
Batting: RHB Austin Davis
|
0-0: Foul Ball, location: 2F 0-1: Ball 1-1: Called Strike 1-2: Ball 2-2: Ball Wild Pitch! Giuseppe Ferraro scores Michael Arias to second 3-2: Foul Ball, location: 2F 3-2: Ground out 4-3 (Groundball, 34, EV 107.5 MPH) Michael Arias to third
|
Batting: RHB Victor Mesia
|
0-0: Called Strike 0-1: Ball 1-1: Ball 2-1: Called Strike 2-2: Ball 3-2: Foul Ball, location: 2F 3-2: Ground out 6-3 (Groundball, 6, EV 80.6 MPH)
|
Bottom of the 3rd over - 1 run, 1 hit, 0 errors, 1 left on base; Boise 6 - Vancouver 8 |
TOP OF THE 4TH |
Boise Hawks batting - Pitching for Vancouver Canadians : RHP Buddy Hayward
|
Batting: LHB Jayden Bates
|
0-0: Called Strike 0-1: Foul Ball, location: 2F 0-2: Strikes out swinging
|
Batting: LHB Mike Donath
|
0-0: Ball 1-0: Ball 2-0: Called Strike 2-1: Foul Ball, location: 2F 2-2: Foul Ball, location: 2F 2-2: Ball 3-2: Base on Balls
|
Batting: RHB Wyatt Langford
|
0-0: Foul Ball, location: 2F 0-1: Ball 1-1: Ball 2-1: Ball Wild Pitch! Mike Donath to second 3-1: Foul Ball, location: 2F 3-2: Fly out, F8 (Line Drive, 8LM, EV 103.8 MPH)
|
Batting: LHB Michael Carpentier
|
0-0: Ball 1-0: Foul Ball, location: 2F 1-1: Ball 2-1: SINGLE (Groundball, 34D, EV 103.8 MPH) Mike Donath to third
|
Batting: RHB Ian Gatlin
|
0-0: Ball 1-0: Ball 2-0: SINGLE (Groundball, 5S, EV 64.4 MPH) (infield hit) Mike Donath scores Michael Carpentier to second
|
Batting: LHB Sean Kosikowski
|
0-0: Ball 1-0: Ball 2-0: Ground out 1-3 (Groundball, 13S, EV 69.4 MPH)
|
Top of the 4th over - 1 run, 2 hits, 0 errors, 2 left on base; Boise 7 - Vancouver 8 |
BOTTOM OF THE 4TH |
Vancouver Canadians batting - Pitching for Boise Hawks : LHP Thomas Little
|
Batting: LHB William Hamiter
|
0-0: Ball 1-0: Ground out 6-3 (Groundball, 6M, EV 81.9 MPH)
|
Batting: RHB Travis Odom
|
0-0: Ground out 4-3 (Groundball, 4M, EV 87.5 MPH)
|
Batting: RHB Brandon Fields
|
0-0: Ball 1-0: Foul Ball, location: 2F 1-1: Swinging Strike 1-2: Foul Ball, location: 2F 1-2: Ball 2-2: Foul Ball, location: 2F 2-2: Fly out, F8 (Flyball, 78S, EV 93.8 MPH)
|
Bottom of the 4th over - 0 runs, 0 hits, 0 errors, 0 left on base; Boise 7 - Vancouver 8 |
TOP OF THE 5TH |
Boise Hawks batting - Pitching for Vancouver Canadians : RHP Buddy Hayward
|
Batting: LHB Bobby Fry
|
0-0: Ball 1-0: Ground out 5-3 (Groundball, 5, EV 85.0 MPH)
|
Batting: SHB Sabin Ceballos
|
0-0: Called Strike 0-1: Foul Ball, location: 2F 0-2: Ball 1-2: Ground out 5-3 (Groundball, 6S, EV 71.9 MPH)
|
Batting: RHB Korbyn Dickerson
|
0-0: Ball 1-0: Foul Ball, location: 2F 1-1: Ground out 6-3 (Groundball, 6, EV 86.9 MPH)
|
Top of the 5th over - 0 runs, 0 hits, 0 errors, 0 left on base; Boise 7 - Vancouver 8 |
BOTTOM OF THE 5TH |
Vancouver Canadians batting - Pitching for Boise Hawks : LHP Thomas Little
|
Batting: RHB Braylen Wimmer
|
0-0: Ball 1-0: Foul Ball, location: 2F 1-1: Called Strike 1-2: Ball 2-2: Ball 3-2: Foul Ball, location: 2F 3-2: Base on Balls
|
Pitching: RHP Travis Luensmann
|
|
Batting: RHB Orlando Soria
|
0-0: Called Strike 0-1: Foul Ball, location: 2F 0-2: Ball 1-2: SINGLE (Line Drive, 6MD, EV 98.1 MPH) Braylen Wimmer to second Runner from 2nd tries for 3rd, SAFE, throw by CF made to third
|
Batting: RHB Giuseppe Ferraro
|
0-0: Ball 1-0: SINGLE (Line Drive, 56D, EV 97.5 MPH) Braylen Wimmer scores Orlando Soria to second
|
Batting: RHB Michael Arias
|
0-0: Ball 1-0: Foul Ball, location: 2F 1-1: Called Strike 1-2: Fly out, F8 (Flyball, 8RXD, EV 102.5 MPH) Runner from 2nd tags up, SAFE at 3rd, no throw by CF
|
Batting: RHB Austin Davis
|
0-0: Ball 1-0: Called Strike 1-1: Foul Ball, location: 2F 1-2: Fly out, F3 (Popup, 3F, EV 78.8 MPH)
|
Batting: RHB Victor Mesia
|
0-0: Called Strike 0-1: Ball 1-1: Ball 2-1: Ball Wild Pitch! Orlando Soria scores Giuseppe Ferraro to second 3-1: Fly out, F8 (Line Drive, 8LD, EV 105.6 MPH)
|
Bottom of the 5th over - 2 runs, 2 hits, 0 errors, 1 left on base; Boise 7 - Vancouver 10 |
TOP OF THE 6TH |
Boise Hawks batting - Pitching for Vancouver Canadians : RHP Buddy Hayward
|
Pitching: RHP Michael Roll
|
|
Batting: LHB Jayden Bates
|
0-0: Ball 1-0: Foul Ball, location: 2F 1-1: Ball 2-1: Foul Ball, location: 2F 2-2: Ball 3-2: Base on Balls
|
Batting: LHB Mike Donath
|
0-0: Ball 1-0: Called Strike 1-1: Called Strike 1-2: Strikes out swinging
|
Batting: RHB Wyatt Langford
|
0-0: Called Strike 0-1: Fly out, F8 (Flyball, 8RXD, EV 110.0 MPH)
|
Batting: LHB Michael Carpentier
|
0-0: Ball 1-0: Ball 2-0: Ball 3-0: Base on Balls Jayden Bates to second
|
Batting: RHB Ian Gatlin
|
0-0: Called Strike 0-1: Called Strike 0-2: Strikes out swinging
|
Top of the 6th over - 0 runs, 0 hits, 0 errors, 2 left on base; Boise 7 - Vancouver 10 |
BOTTOM OF THE 6TH |
Vancouver Canadians batting - Pitching for Boise Hawks : RHP Travis Luensmann
|
Batting: LHB William Hamiter
|
0-0: Called Strike 0-1: Ball 1-1: Ball 2-1: Foul Ball, location: 2F 2-2: Foul Ball, location: 2F 2-2: Foul Ball, location: 2F 2-2: Ball 3-2: Base on Balls
|
Batting: RHB Travis Odom
|
0-0: Ball William Hamiter is caught stealing 2nd base 2-4 1-0: Ground out 6-3 (Groundball, 6, EV 86.2 MPH)
|
Batting: RHB Brandon Fields
|
0-0: Called Strike 0-1: Ball 1-1: Ground out 6-3 (Groundball, 6, EV 101.9 MPH)
|
Bottom of the 6th over - 0 runs, 0 hits, 0 errors, 0 left on base; Boise 7 - Vancouver 10 |
TOP OF THE 7TH |
Boise Hawks batting - Pitching for Vancouver Canadians : RHP Michael Roll
|
Pitching: LHP Quinton Martinez
|
|
Batting: LHB Sean Kosikowski
|
0-0: Called Strike 0-1: Called Strike 0-2: Strikes out swinging
|
Batting: LHB Bobby Fry
|
0-0: SINGLE (Line Drive, 7LS, EV 108.1 MPH)
|
Batting: SHB Sabin Ceballos
|
0-0: Called Strike Bobby Fry steals 2nd base 0-1: Fly out, F7 (Line Drive, 7, EV 84.4 MPH)
|
Batting: RHB Korbyn Dickerson
|
0-0: Ball 1-0: Ball 2-0: Called Strike 2-1: 2-RUN HOME RUN (Flyball, 7D, EV 89.4 MPH), Distance : 391 ft
|
Batting: LHB Jayden Bates
|
0-0: Called Strike 0-1: Swinging Strike 0-2: Hit by Pitch
|
Batting: LHB Mike Donath
|
0-0: Ball 1-0: Fly out, F5 (Line Drive, 5, EV 75.0 MPH)
|
Top of the 7th over - 2 runs, 2 hits, 0 errors, 1 left on base; Boise 9 - Vancouver 10 |
BOTTOM OF THE 7TH |
Vancouver Canadians batting - Pitching for Boise Hawks : RHP Travis Luensmann
|
Batting: RHB Braylen Wimmer
|
0-0: Ball 1-0: SINGLE (Flyball, 8RS, EV 92.5 MPH)
|
Pitching: RHP Ismael Luciano
|
|
Batting: RHB Orlando Soria
|
0-0: Ball 1-0: SINGLE (Line Drive, 7S, EV 93.1 MPH) Braylen Wimmer to second
|
Batting: RHB Giuseppe Ferraro
|
0-0: Bunt missed! 0-1: Bunted foul 0-2: SINGLE (Line Drive, 7S, EV 97.5 MPH) Braylen Wimmer to third Orlando Soria to second
|
Batting: RHB Michael Arias
|
0-0: Ball 1-0: Ball 2-0: Ball 3-0: Base on Balls Braylen Wimmer scores Orlando Soria to third Giuseppe Ferraro to second
|
Batting: RHB Austin Davis
|
0-0: Ball 1-0: Ball 2-0: Ball 3-0: Base on Balls Orlando Soria scores Giuseppe Ferraro to third Michael Arias to second
|
Batting: RHB Victor Mesia
|
0-0: Swinging Strike 0-1: Called Strike 0-2: Ball 1-2: SINGLE (Groundball, 4M, EV 97.5 MPH) Giuseppe Ferraro scores Michael Arias to third Austin Davis to second Runner from 3rd tries for Home, SAFE, throw by CF to home
|
Pitching: RHP Jose Rebolledo
|
|
Batting: LHB William Hamiter
|
0-0: Bunt missed! 0-1: Bunt missed! 0-2: Ball 1-2: Foul Ball, location: 2F 1-2: Ball 2-2: Ball 3-2: Foul Ball, location: 2F 3-2: TRIPLE (Line Drive, 89XD, EV 98.1 MPH) Austin Davis scores Victor Mesia scores
|
Batting: RHB Travis Odom
|
0-0: Ball 1-0: Called Strike 1-1: Foul Ball, location: 2F 1-2: Strikes out swinging
|
Pinch Hitting: RHB Braxton Bragg
|
0-0: Called Strike 0-1: Ball 1-1: Swinging Strike 1-2: Fly out, F8 (Flyball, 8RD, EV 79.4 MPH) Runner from 3rd tags up, SCORES, throw by CF
|
Batting: RHB Braylen Wimmer
|
0-0: Swinging Strike 0-1: Ball 1-1: Ball 2-1: Ground out 6-3 (Groundball, 6, EV 90.0 MPH)
|
Bottom of the 7th over - 7 runs, 5 hits, 0 errors, 0 left on base; Boise 9 - Vancouver 17 |
TOP OF THE 8TH |
Boise Hawks batting - Pitching for Vancouver Canadians : LHP Quinton Martinez
|
Now in RF: Duke Ellis
|
|
Batting: RHB Wyatt Langford
|
0-0: DOUBLE (Line Drive, 7LD, EV 105.0 MPH)
|
Batting: LHB Michael Carpentier
|
0-0: Called Strike 0-1: Ball 1-1: Ball 2-1: Foul Ball, location: 2F 2-2: Ball 3-2: Strikes out swinging
|
Pitching: RHP Cristian Sanchez
|
|
Batting: RHB Ian Gatlin
|
0-0: Fly out, F7 (Flyball, 78XD, EV 106.2 MPH) Runner from 2nd tags up, SAFE at 3rd, no throw by LF
|
Batting: LHB Sean Kosikowski
|
0-0: Swinging Strike 0-1: Foul Ball, location: 2F 0-2: Ball 1-2: Strikes out swinging
|
Top of the 8th over - 0 runs, 1 hit, 0 errors, 1 left on base; Boise 9 - Vancouver 17 |
BOTTOM OF THE 8TH |
Vancouver Canadians batting - Pitching for Boise Hawks : RHP Jose Rebolledo
|
Batting: RHB Orlando Soria
|
0-0: Called Strike 0-1: Fly out, F9 (Flyball, 9S, EV 91.2 MPH)
|
Batting: RHB Giuseppe Ferraro
|
0-0: Foul Ball, location: 2F 0-1: Called Strike 0-2: Strikes out looking
|
Batting: RHB Michael Arias
|
0-0: Foul Ball, location: 2F 0-1: Fly out, F8 (Flyball, 78D, EV 108.1 MPH)
|
Bottom of the 8th over - 0 runs, 0 hits, 0 errors, 0 left on base; Boise 9 - Vancouver 17 |
TOP OF THE 9TH |
Boise Hawks batting - Pitching for Vancouver Canadians : RHP Cristian Sanchez
|
Batting: LHB Bobby Fry
|
0-0: Ball 1-0: Ball 2-0: Called Strike 2-1: Ground out U3 (Groundball, 34, EV 78.1 MPH)
|
Batting: SHB Sabin Ceballos
|
0-0: Swinging Strike 0-1: Called Strike 0-2: Strikes out looking
|
Pinch Hitting: LHB Blaise Matheny
|
0-0: Called Strike 0-1: Called Strike 0-2: Ball 1-2: Ball 2-2: Strikes out swinging
|
Top of the 9th over - 0 runs, 0 hits, 0 errors, 0 left on base; Boise 9 - Vancouver 17 |
|